 Dungeon Crawl Stone Soup version 0.25-a0-667-gb977e01cb5 (webtiles) character file.

Game seed: 6821743287928042602, levelgen mode: deterministic

78 DasRunzen the Poker (level 3, -2/30 HPs)
             Began as a Demigod Gladiator on Mar 27, 2020.
             Slain by a hobgoblin
             ... wielding a +0 club
             ... led by Robin
              (6 damage)
             ... on level 1 of the Dungeon.
             The game lasted 00:01:53 (1097 turns).

DasRunzen the Poker (Demigod Gladiator)             Turns: 1097, Time: 00:01:53

Health: -2/30      AC:  5    Str: 17    XL:     3   Next: 94%
Magic:  7/7        EV: 13    Int: 14    God:
Gold:   50         SH:  0    Dex: 17    Spells: 4/4 levels left

rFire    . . .     SeeInvis .   a - +0 trident
rCold    . . .     Gourm    .   (no shield)
rNeg     . . .     Faith    .   b - +0 leather armour
rPois    .         Spirit   .   c - +1 helmet
rElec    .         Reflect  .   (no cloak)
rCorr    .         Harm     .   (no gloves)
MR       .....                  (no boots)
Stlth    +.........             (no amulet)
HPRegen  0.10/turn              (no ring)
MPRegen  0.10/turn              (no ring)

@: no status effects
A: high mp 1
a: no special abilities


You were on level 1 of the Dungeon.
You were not hungry.

You visited 1 branch of the dungeon, and saw 2 of its levels.

You collected 50 gold pieces.

Inventory:

Hand Weapons
 a - a +0 trident (weapon)
Missiles
 d - 3 throwing nets (quivered)
Armour
 b - a +0 leather armour (worn)
 c - a +1 helmet (worn)
Jewellery
 g - an uncursed ring of poison resistance
Potions
 h - a potion of flight {unknown}
Comestibles
 f - 3 rations
 i - a chunk of flesh


   Skills:
 + Level 2.3 Fighting
 + Level 3.1 Polearms
 - Level 1.7 Throwing
 + Level 1.3 Armour
 + Level 3.1 Dodging
 + Level 1.1 Spellcasting


You had 4 spell levels left.
You didn't know any spells.
Your spell library was empty.

Dungeon Overview and Level Annotations

Branches:
Dungeon (2/15)


Innate Abilities, Weirdness & Mutations

You have an increased reservoir of magic. (+10% MP)


Message History

a +0 club; a goblin skeleton; a kobold skeleton You puncture Robin!
Robin is almost dead.
Robin hits you with a +0 hand axe.
You hit Robin but do no damage.
Robin is almost dead.
The hobgoblin no longer looks unusually strong.
Robin roars a battlecry!
The hobgoblin goes into a battle-frenzy!
You puncture Robin!
You kill Robin!
You hit the hobgoblin.
The hobgoblin is heavily wounded.
The hobgoblin hits you but does no damage.
You barely miss the hobgoblin.
The hobgoblin is heavily wounded.
The hobgoblin hits you with a +0 club.
* * * LOW HITPOINT WARNING * * *
The hobgoblin hits you with a +0 club.
You die...

#.#.................##
#.#.#.####..........#.
####.#.#.####..........#.
#........(.##..........#.
####.#.#.#.####......###.
#.#.#)#.####..........
#.#.#>.....+..........
#.#.#g#.####...†.#####
###.#.#@#.# #.....# #
#.......#.# #.....### #
#####.###.# #.......# #
#.# #.# #.....#.# # #.#
#.# ######..### #.# #.#
#......
#.###+########.#....
#.##...........#....
#.##..........##....


You could see a hobgoblin.

Vanquished Creatures
  Robin (D:1)
  An adder (D:2)
  3 leopard geckos
  3 giant cockroaches
  11 goblins
  3 hobgoblins
  2 jackals (D:1)
  6 kobolds
  2 quokkas (D:2)
  2 ball pythons (D:2)
  8 bats
  3 frilled lizards
  5 rats (D:1)
50 creatures vanquished.

Notes
Turn   | Place    | Note
-------+----------+-------------------------------------------
     0 | D:1      | DasRunzen the Demigod Gladiator began the quest for the
                  | Orb.
     0 | D:1      | Reached XP level 1. HP: 17/17 MP: 3/3
   178 | D:1      | Reached XP level 2. HP: 24/24 MP: 4/4
   733 | D:2      | Reached XP level 3. HP: 22/29 MP: 6/6
   735 | D:2      | Reached skill level 1 in Armour
   786 | D:2      | Noticed Robin
   806 | D:2      | Reached skill level 1 in Spellcasting
  1095 | D:1      | Killed Robin
  1097 | D:1      | Slain by a hobgoblin

Levels and vault maps discovered:
D:1:      dpeg_arrival_rooms_with_view, layout_basic
D:2:      layout_rooms, st_stairs_5, uniq_robin

Skill      XL: |  1  2  3 |
---------------+----------+-----
Fighting       | 2 |  2.3
Polearms       | 3 |  3.1
Armour         | 1 |  1.3
Dodging        | 3 |  3.1
Spellcasting   | 1 |  1.1
Throwing       | |  1.7

Action                   || total
-------------------------++-------
Melee: Trident           ||   157
  Use: Scroll            ||     3
  Eat: Chunk             ||     1
Armor: Leather armour    ||    55
Dodge: Dodged            ||   107

Table legend:
 A = Non-vault XP
 B = Vault XP
 C = Vault XP percentage of total XP
 D = Non-vault monster count
 E = Vault monster count
 F = Vault count percentage of total count
                 A         B        C        D         E       F
            +---------+---------+-------+---------+---------+-------
      Total |      78 |      34 |  30.4 |      39 |      11 |  22.0
            +---------+---------+-------+---------+---------+-------
        D:1 |      43 |      21 |  32.8 |      26 |       4 |  13.3
        D:2 |      35 |      13 |  27.1 |      13 |       7 |  35.0
            +---------+---------+-------+---------+---------+-------
